 Dungeon Crawl Stone Soup version 0.24.0-13-gcf9b3192b9 (webtiles) character file.

Game seed: 15111860579035102811, levelgen mode: deterministic

6336 Quickbrownfox the Slasher (level 10, -5/72 HPs)
             Began as a Green Draconian Air Elementalist on Nov 5, 2019.
             Was a Follower of Hepliaklqana.
             Slain by a troll (14 damage)
             ... while paralysed by the fury of Uskayaw
             ... on level 9 of the Dungeon.
             The game lasted 01:02:13 (9139 turns).

Quickbrownfox the Slasher (DrAE)                    Turns: 9139, Time: 01:02:14

Health: -5/72      AC:  7    Str:  8    XL:     10   Next: 64%
Magic:  19/19      EV:  2    Int: 19    God:    Hepliaklqana [*.....]
Gold:   321        SH:  0    Dex: 12    Spells: 8/21 levels left

rFire    + + +     SeeInvis +   u - +5 long sword of Benevolence {protect, rF+++ rC+ Str-4 SInv}
rCold    + . .     Gourm    .   (no shield)
rNeg     + . .     Faith    .   (armour unavailable)
rPois    +         Spirit   .   (helmet restricted)
rElec    .         Reflect  .   (no cloak)
rCorr    .         Harm     .   (no gloves)
MR       .....                  (no boots)
Stlth    +++.......             x - amulet of the acrobat
HPRegen  0.22/turn              y - +2 ring of intelligence
MPRegen  0.16/turn              z - ring of positive energy

@: paralysed
A: breathe noxious fumes, unfitting armour, reduced essence, poison resistance,
cold-blooded, AC +7
a: Breathe Noxious Fumes, Recall Ancestor, Ancestor Identity, Renounce Religion


You were on level 9 of the Dungeon.
You worshipped Hepliaklqana.
Hepliaklqana was aware of your devotion.
You were hungry.

You visited 2 branches of the dungeon, and saw 11 of its levels.

You collected 532 gold pieces.
You spent 211 gold pieces at shops.

Inventory:

Hand Weapons
 a - a +4 dagger of venom
 d - a +2 short sword of draining
 h - a +2 hand axe of chopping
 u - the +5 long sword of Benevolence (weapon) {protect, rF+++ rC+ Str-4 SInv}
   (You bought it in a shop on level 5 of the Dungeon)

   It grants its wielder temporary protection when it strikes (+7 to AC).
   It affects your strength (-4).
   It renders you almost immune to fire.
   It protects you from cold.
   It lets you see invisible.
Missiles
 w - a boomerang of dispersal (quivered)
Jewellery
 q - an uncursed ring of ice
 x - an amulet of the acrobat (around neck)
 y - a +2 ring of intelligence (left hand)
 z - a ring of positive energy (right hand)
 A - an uncursed ring of fire
Wands
 j - a wand of paralysis (4)
 k - a wand of disintegration (16)
 o - a wand of enslavement (7)
 p - a wand of acid (5)
Scrolls
 c - a scroll of fog
 f - 3 scrolls of amnesia
 g - 3 scrolls of enchant weapon
 i - 4 scrolls of teleportation
 n - 5 scrolls of remove curse
 s - a scroll of enchant armour {unknown}
 v - 2 scrolls of immolation
 B - a scroll of blinking {unknown}
Potions
 m - 3 potions of curing
 r - a potion of flight
 t - a potion of magic
Comestibles
 b - 12 rations


   Skills:
 + Level 5.2 Fighting
 + Level 7.9 Long Blades
 + Level 3.6(3.7) Axes
   Level 0.4(2.3) Maces & Flails
 + Level 0.4 Throwing
 + Level 5.0 Dodging
 + Level 5.8 Stealth
 + Level 0.2 Unarmed Combat
 + Level 6.4 Spellcasting
 + Level 2.9 Conjurations
 + Level 7.1 Air Magic
 + Level 1.5 Evocations


You had 8 spell levels left.
You knew the following spells:

 Your Spells              Type           Power        Failure   Level  Hunger
a - Shock                 Conj/Air       ####         1%          1    None
b - Static Discharge      Conj/Air       ####....     4%          3    ##.....
c - Airstrike             Air            ####......   6%          4    ####...
d - Swiftness             Chrm/Air       ###.....     3%          2    None
e - Regeneration          Chrm/Necr      #.........   32%         3    ##.....

Your spell library contained the following spells:

 Spells                   Type           Power        Failure   Level  Hunger
 Flame Tongue             Conj/Fire      ##...        6%          1    None
 Throw Flame              Conj/Fire      ##....       9%          2    None
 Animate Skeleton         Necr           N/A          11%         1    None
 Pain                     Necr           #...         11%         1    None
 Conjure Flame            Conj/Fire      ##......     19%         3    ##.....
 Inner Flame              Hex/Fire       #.......     32%         3    ##.....
 Vampiric Draining        Necr           #.........   32%         3    ##.....
 Lightning Bolt           Conj/Air       ####......   36%         5    #####..
 Sticky Flame             Conj/Fire      ##......     52%         4    ####...
 Animate Dead             Necr           N/A          71%         4    ####...
 Fireball                 Conj/Fire      ##........   86%         5    #####..


Dungeon Overview and Level Annotations

Branches:
Dungeon (10/15)            Temple (1/1) D:6
   Lair: D:8-11         Orc: D:9-12

Altars:
Ashenzari
Cheibriados
Dithmenos
Elyvilon
Fedhas
Gozag
Hepliaklqana
Kikubaaqudgha
Makhleb
Nemelex Xobeh
Okawaru
Qazlal
Ru
Sif Muna
Trog
Uskayaw
Vehumet
Wu Jian
Xom
Yredelemnul
Zin
The Shining One

Shops:
D:4 =   D:5 *   D:6 !=(=[


Innate Abilities, Weirdness & Mutations

You can breathe blasts of noxious fumes.
Your lurid green scales are hard. (AC +7)
You cannot fit into any form of body armour.
Your system is resistant to poisons. (rPois)
You are cold-blooded and may be slowed by cold attacks.
Your life essence is reduced to manifest your ancestor. (-10% HP)


Message History

Zolin hits the troll.
You feel better. The troll misses you.
You riposte.
You barely miss the troll.
The troll is lightly wounded.
The troll closely misses you. The troll claws you.
* * * LOW HITPOINT WARNING * * *
Zolin hits the troll.
Zolin hits the troll.
The troll misses you. The troll claws you.
* * * LOW HITPOINT WARNING * * *
The troll barely misses you.
Zolin hits the troll!
Uskayaw booms out, "Time for someone else to take a solo" You suddenly lose the ability to move!
The troll bites you!
* * * LOW HITPOINT WARNING * * *
The troll claws you but does no damage. x2; Zolin barely misses the troll.
The troll bites you!
* * * LOW HITPOINT WARNING * * *
The troll claws you!
You die...

#......#..............#....#.....
#......#..............#....#.....
#....รท.#..............#....#.....
#....>.####...........'....#.....
#.........#...........#....######
#.........#...........#..........
..........#...........#.......<..
..........#####'#######..........
..............RT@................
...............###########.......
...............# #.......
............#### #.......
####..####### #....... #..#
#....... #### ########


You could see the friendly Zolin the ancestor and a troll.

Vanquished Creatures
  2 two-headed ogres
  A yak (D:7)
  A human (D:7)
  3 hogs (D:7)
  A hungry ghost (D:7)
  A water moccasin (D:8)
  An orc warrior (D:8)
  A black bear (D:8)
  An ice beast (D:6)
  A sky beast (D:7)
  2 ogres
  3 wolves
  A centaur (D:8)
  A big kobold (D:9)
  4 bullfrogs
  A wyvern skeleton (D:10)
  2 scorpions
  3 killer bees
  5 crimson imps
  5 hounds
  A quasit (D:7)
  3 jellies
  6 orc priests
  A centaur skeleton (D:9)
  2 iguanas
  Jessica (D:2)
  3 orc wizards
  6 worker ants
  Ijyb (D:3)
  Terence (D:2)
  11 adders
  3 shadow imps
  An ooze (D:3)
  An adder skeleton (D:7)
  A worm (D:4)
  3 dart slugs
  5 leopard geckos
  30 orcs
  2 ball pythons
  7 bats
  4 giant cockroaches
  3 goblins
  6 hobgoblins
  6 jackals
  A quokka (D:3)
  9 frilled lizards
  12 kobolds
  A leopard gecko skeleton (D:4)
  A quokka zombie (D:7)
  7 rats
179 creatures vanquished.

Vanquished Creatures (collateral kills)
  A two-headed ogre (D:8)
  A hippogriff (D:9)
  An ice beast (D:9)
  A black bear (D:8)
  An ogre (D:8)
  A phantom (D:9)
  A wolf (D:10)
  2 bullfrogs
  A hound (D:8)
  An iguana (D:9)
  2 orcs (D:7)
  A kobold (D:9)
14 creatures vanquished.

Vanquished Creatures (others)
  2 ancestors
2 creatures vanquished.

Grand Total: 195 creatures vanquished

Notes
Turn   | Place    | Note
-------+----------+-------------------------------------------
     0 | D:1      | Quickbrownfox the Draconian Air Elementalist began the
                  | quest for the Orb.
     0 | D:1      | Reached XP level 1. HP: 14/14 MP: 3/3
   521 | D:1      | Reached XP level 2. HP: 18/20 MP: 5/5
  1450 | D:2      | Reached XP level 3. HP: 18/26 MP: 6/6
  1750 | D:2      | Noticed Jessica
  1754 | D:2      | Killed Jessica
  1754 | D:2      | Reached skill level 1 in Axes
  1754 | D:2      | Reached XP level 4. HP: 34/34 MP: 7/7
  1770 | D:2      | Reached skill level 1 in Fighting
  1819 | D:2      | Noticed Terence
  1848 | D:2      | Killed Terence
  1874 | D:2      | Found a glowing golden altar of the Shining One.
  1884 | D:2      | Found a shimmering blue altar of Sif Muna.
  2242 | D:3      | Reached XP level 5. HP: 38/40 MP: 8/8
  2247 | D:3      | Learned a level 3 spell: Static Discharge
  2252 | D:3      | Learned a level 4 spell: Airstrike
  2660 | D:3      | Noticed Ijyb
  2668 | D:3      | Killed Ijyb
  2911 | D:3      | You fall into a shaft and drop 3 floors!
  2917 | D:5      | Entered Level 5 of the Dungeon
  2934 | D:5      | Reached XP level 6. HP: 41/48 MP: 8/10
  3259 | D:3      | Learned a level 2 spell: Swiftness
  4247 | D:4      | Your scales start taking on a lurid green colour.
  4247 | D:4      | Reached XP level 7. HP: 51/56 MP: 11/11
  4247 | D:4      | Gained mutation: Your system is resistant to poisons.
                  | (rPois) [Green Draconian growth]
  4400 | D:4      | Found Noclem's Jewellery Emporium.
  4815 | D:5      | Found a shadowy altar of Dithmenos.
  4930 | D:5      | Found Saotoryban's Assorted Antiques.
  4946 | D:5      | Bought a polished long sword for 178 gold pieces
  4946 | D:5      | Identified the +5 long sword of Benevolence {protect, rF+++
                  | rC+ Str-4 SInv} (You bought it in a shop on level 5 of the
                  | Dungeon)
  5499 | D:6      | Reached skill level 1 in Long Blades
  5499 | D:6      | Reached XP level 8. HP: 48/63 MP: 2/13
  5544 | D:6      | Found Yshuv's Weapon Shoppe.
  5563 | D:6      | Found Cichel's Jewellery Boutique.
  5600 | D:6      | Found a basalt altar of Yredelemnul.
  5618 | D:6      | Found Egriymil's Distillery.
  5625 | D:6      | Bought a potion of curing for 33 gold pieces
  5695 | D:6      | Found a snail-covered altar of Cheibriados.
  5728 | D:6      | Found an ornate altar of the Wu Jian Council.
  5738 | D:6      | Found Muifrop's Armour Shop.
  5761 | D:6      | Found Zeput's Jewellery Emporium.
  5776 | D:6      | Found a staircase to the Ecumenical Temple.
  5793 | D:6      | Found a glowing silver altar of Zin.
  5814 | Temple   | Entered the Ecumenical Temple
  5865 | Temple   | Became a worshipper of Uskayaw the Reveler
  5923 | D:6      | Reached * piety under Uskayaw
  5926 | D:6      | Reached ** piety under Uskayaw
  6180 | D:7      | Reached skill level 5 in Stealth
  6180 | D:7      | Reached skill level 5 in Air Magic
  6184 | D:7      | Reached *** piety under Uskayaw
  6425 | D:7      | Reached **** piety under Uskayaw
  6429 | D:7      | Reached XP level 9. HP: 42/71 MP: 2/15
  6429 | D:7      | Reached ***** piety under Uskayaw
  6563 | Temple   | Fell from the grace of Uskayaw
  6563 | Temple   | Became a worshipper of Hepliaklqana the Forgotten
  6957 | D:8      | Reached skill level 5 in Long Blades
  6973 | D:8      | Learned a level 3 spell: Regeneration
  7097 | D:8      | Noticed a two-headed ogre
  7107 | D:8      | Killed a two-headed ogre
  7107 | D:8      | Reached skill level 5 in Spellcasting
  7369 | D:8      | Found a bloodstained altar of Trog.
  7396 | D:8      | Found an iron altar of Okawaru.
  7860 | D:9      | Noticed a two-headed ogre
  7866 | D:9      | Noticed a two-headed ogre
  7870 | D:9      | Killed a two-headed ogre
  7870 | D:9      | Reached skill level 1 in Evocations
  7870 | D:9      | Reached XP level 10. HP: 72/72 MP: 1/18
  8143 | D:8      | Killed a two-headed ogre
  8143 | D:8      | Reached skill level 5 in Dodging
  8382 | D:9      | Reached * piety under Hepliaklqana
  8547 | D:9      | Found a stormy altar of Qazlal.
  8984 | D:10     | Entered Level 10 of the Dungeon
  9002 | D:10     | Reached skill level 5 in Fighting
  9137 | D:9      | Paralysed by the fury of Uskayaw for 7 turns
  9139 | D:9      | Slain by a troll

Levels and vault maps discovered:
D:1:      minmay_arrival_four_loops, layout_basic,
          chequers_serial_rivers_room_a, minmay_hexomino_c4
D:2:      layout_rooms, minitemple, first_ration, uniq_jessica, uniq_terence
D:3:      layout_loops_corners, uniq_ijyb
D:4:      layout_loops_corners, serial_shops, shop
D:5:      layout_basic, kennysheep_mini_moat, serial_shops, shop
D:6:      layout_rooms, lemuel_doored_altar, nicolae_overflow_crystal_walls,
          marbit_many_paths, minmay_temple_entry_poolview, serial_shops, shop,
          kennysheep_little_box, shop, shop, nicolae_shop_statue_plus,
          lemuel_altar_in_water
D:7:      layout_basic, grunt_livestock, feat_on_display
D:8:      layout_layer_cave, trog_ov_bears_minmay, okawaru_ov_weapons_minmay,
          hangedman_decor_peaks_small
D:9:      layout_irregular_city, nicolae_qazlal_eye_of_the_storm,
          corexii_leaking_fountain
D:10:     wad_statue_garden, layout_basic, erik_lair_island
Temple:   nicolae_temple_god_jail

Skill      XL: |  1  2  3  4  5  6  7  8  9 10 |
---------------+-------------------------------+-----
Stealth        | 2 3 4 5 |  5.8
Dodging        | 2 3 4 5 |  5.0
Axes           | 1 2 3 |  3.6
Fighting       | 1 2 3 4 5 |  5.2
Conjurations   | 2 |  2.9
Spellcasting   | 3 4 5 6 |  6.4
Air Magic      | 4 5 6 7 |  7.1
Long Blades    | 1 4 6 7 |  7.9
Evocations     | 1 |  1.5
Maces & Flails | |  0.4
Throwing       | |  0.4
Unarmed Combat | |  0.2

Action                   |  1- 3 |  4- 6 |  7- 9 | 10-12 || total
-------------------------+-------+-------+-------+-------++-------
Melee: Mace              |    18 |       |       |       ||    18
       Hand axe          |    66 |   156 |    57 |       ||   279
       Tailslap          |     8 |    16 |    21 |     9 ||    54
       Unarmed           |     4 |       |       |       ||     4
       Long sword        |       |       |   162 |    77 ||   239
       Punch             |       |       |     1 |       ||     1
Throw: Boomerang         |       |       |     3 |       ||     3
 Cast: Shock             |    17 |    37 |    15 |     9 ||    78
       Airstrike         |       |     7 |    25 |     5 ||    37
       Static Discharge  |       |     1 |     9 |     4 ||    14
Evoke: Wand              |       |     2 |     9 |     3 ||    14
  Use: Potion            |     6 |       |     1 |     1 ||     8
       Scroll            |     1 |     5 |     4 |     2 ||    12
 Stab: Sleeping          |     3 |     8 |     9 |     1 ||    21
       Paralysed         |       |       |     1 |       ||     1
       Distracted        |       |       |     2 |     1 ||     3
  Eat: Ration            |     1 |     1 |     3 |       ||     5
       Chunk             |       |     7 |     9 |     5 ||    21
Armor: Skin              |    53 |    36 |    94 |    48 ||   231
Dodge: Dodged            |    61 |   109 |   185 |   100 ||   455
       Rpst.: Long sword |       |       |    50 |    29 ||    79
